 Dungeon Crawl Stone Soup version 0.31-a0-1591-g515db51633 (webtiles) character file.

Game seed: 18392033470321325265

55638 Flugslaktarn the Eclecticist (level 14, -9/90 HPs)
             Began as an Octopode Alchemist on Jan 6, 2024.
             Was a High Priest of Sif Muna.
             Killed from afar by a lava snake (16 damage)
             ... with a glob of lava
             ... on level 5 of the Lair of Beasts on Jan 7, 2024.
             The game lasted 00:44:17 (11017 turns).

Flugslaktarn the Eclecticist (Octopode Alchemist)  Turns: 11017, Time: 00:44:18

Health: -9/90      AC:  1    Str: 11    XL:     14   Next: 78%
Magic:  12/33      EV: 14    Int: 21    God:    Sif Muna [*****.]
Gold:   128        SH:  4    Dex: 17    Spells: 22/44 levels left

rFire   + . .        l - staff of Wimp {*Corrode rElec rF+ Str+4 Dex+3 Fire}
rCold   . . .        v - +0 buckler
rNeg    . . .        (helmet restricted)
rPois   .            x - amulet of regeneration
rElec   +            p - +4 ring of protection
rCorr   .            u - ring of wizardry
SInv    .            (no ring)
Will    +....        (no ring)
Stlth   +++          (no ring)
HPRegen 1.15/turn    (no ring)
MPRegen 0.23/turn    (no ring)
                     (no ring)

%: corrode self (3%), wizardry (x1)
@: forested, corroded
A: almost no armour, amphibious, 8 rings, camouflage 1, gelatinous body 1,
(nimble swimmer 1), tentacles, tentacle spike 1, wild magic 1
a: Renounce Religion, Channel Magic, Forget Spell, Divine Exegesis


You were on level 5 of the Lair of Beasts.
You worshipped Sif Muna.
Sif Muna was extremely pleased with you.
You visited 4 branches of the dungeon, and saw 19 of its levels.
You also visited: Bailey.

You collected 1457 gold pieces.
You spent 1329 gold pieces at shops.

Inventory:

Hand Weapons
 e - a +0 long sword
   (You found it on level 4 of the Dungeon)
 j - a +3 short sword of speed
   (You took it off a kobold on level 7 of the Dungeon)
 G - a +4 mace
   (You took it off an orc on level 5 of the Dungeon)
Armour
 m - a +0 kite shield
   (You found it on level 6 of the Dungeon)
 v - a +0 buckler (worn)
   (You found it on level 6 of the Dungeon)
Magical Staves
 l - the staff of Wimp (weapon) {*Corrode rElec rF+ Str+4 Dex+3 Fire}
   (You found it in a bailey)

   [staff of fire]

   Base accuracy: +5 Base damage: 5 Base attack delay: 1.2 This weapon's minimum
   attack delay (0.6) is reached at skill level 12.
   Str+4:     It affects your strength (+4).
   Dex+3:     It affects your dexterity (+3).
   rF+:       It protects you from fire.
   rElec:     It insulates you from electricity.
   *Corrode:  It may corrode you when you take damage.
   Fire:      It increases the power of your Fire spells.
   It falls into the 'Staves' category.
   It is a one-tentacled weapon.
Jewellery
 p - a +4 ring of protection (left tentacle)
   (You found it on level 4 of the Dungeon)
 q - an amulet of reflection
   (You took it off an orc on level 9 of the Dungeon)
 u - a ring of wizardry (right tentacle)
   (You found it on level 9 of the Dungeon)
 x - an amulet of regeneration (around mantle)
   (You bought it in a shop on level 2 of the Orcish Mines)
Talismans
 A - a dragon-blood talisman
   (You found it on level 7 of the Dungeon)
Wands
 d - a wand of quicksilver (5)
   (You found it on level 7 of the Dungeon)
 g - a wand of digging (5)
   (You found it on level 5 of the Lair of Beasts)
 o - a wand of roots (2)
   (You found it on level 8 of the Dungeon)
 y - a wand of mindburst (4)
   (You found it on level 1 of the Lair of Beasts)
 D - a wand of flame (22)
   (You found it on level 2 of the Lair of Beasts)
Scrolls
 a - a scroll of revelation
 c - 2 scrolls of amnesia
 f - 3 scrolls of enchant armour
 k - a scroll of brand weapon
 r - a scroll of identify
 t - 5 scrolls of teleportation
 z - 3 scrolls of blinking
 B - 5 scrolls of fog
 E - a scroll of enchant weapon
 H - a scroll of vulnerability
 I - a scroll of immolation
Potions
 b - 2 potions of enlightenment
 h - 3 potions of haste
 i - 5 potions of mutation
 s - 2 potions of attraction
 w - a potion of heal wounds
 C - 2 potions of berserk rage
 F - a potion of invisibility
Miscellaneous
 n - a box of beasts
   (You found it in a bailey)


   Skills:
 - Level 6.0 Fighting
 - Level 4.0 Dodging
 - Level 2.6 Stealth
 + Level 15.5 Spellcasting
 - Level 6.0 Conjurations
 - Level 10.0 Summonings
 - Level 3.0 Translocations
 - Level 4.0 Fire Magic
 - Level 6.0 Ice Magic
 - Level 4.0 Air Magic
 + Level 9.4 Alchemy
 - Level 5.0 Invocations
 - Level 6.0 Evocations


You had 22 spell levels left.
You knew the following spells:

 Your Spells              Type           Power      Damage    Failure   Level
a - Sting                 Conj/Alch      100%       1d9       1%          1
b - Olgreb's Toxic Radia  Alch           64%        N/A       1%          4
c - Sticky Flame          Fire/Alch      72%        2d12      2%          4
d - Freezing Cloud        Conj/Ice/Air   25%        6-21      10%         5
e - Ozocubu's Armour      Ice            52%        N/A       1%          3
f - Summon Forest         Summ/Tloc      27%        N/A       6%          5

Your spell library contained the following spells:

 Spells                   Type           Power      Damage    Failure   Level
 Foxfire                  Conj/Fire      100%       2x1d9     1%          1
 Shock                    Conj/Air       100%       1d9       1%          1
 Ensorcelled Hibernation  Hex/Ice        74%        N/A       1%          2
 Mercury Vapours          Alch/Air       100%       N/A       1%          2
 Mephitic Cloud           Conj/Alch/Air  54%        N/A       1%          3
 Swiftness                Air            43%        N/A       2%          3
 Summon Lightning Spire   Summ/Air       56%        N/A       2%          4
 Airstrike                Air            21%        2d(4-20)  6%          4
 Iskenderun's Battlesphe  Conj           52%        2d10      8%          5
 Fugue of the Fallen      Necr           21%        N/A       9%          3
 Passwall                 Erth           21%        N/A       9%          3
 Brom's Barrelling Bould  Conj/Erth      37%        2d6       9%          4
 Manifold Assault         Tloc           37%        N/A       9%          4
 Eringya's Noxious Bog    Alch           32%        4d6       10%         6
 Summon Hydra             Summ           33%        N/A       34%         7
 Starburst                Conj/Fire      32%        6d10      45%         6
 Plasma Beam              Fire/Air       29%        2x1d42    58%         6


Dungeon Overview and Level Annotations

Branches:
Dungeon (11/15)            Temple (1/1) D:4            Lair (5/5) D:9
  Slime (0/5) Lair:5          Orc (2/2) D:9             Elf (0/3) Orc:2
 Bailey (visited)
  Swamp: Lair:2-3    Shoals: Lair:2-3     Snake: Lair:2-3    Spider: Lair:2-3

Altars:
Ashenzari
Cheibriados
Dithmenos
Elyvilon
Fedhas
Gozag
Hepliaklqana
Kikubaaqudgha
Makhleb
Nemelex Xobeh
Okawaru
Qazlal
Ru
Sif Muna
Trog
Uskayaw
Vehumet
Wu Jian
Xom
Yredelemnul
Zin
The Shining One
Jiyva

Shops:
D:6 [   D:10 *   D:11 (   Orc:2 :=[*[

Annotations:
Lair:4 1 runed translucent door, Kely's ghost, journeyman OpSh


Innate Abilities, Weirdness & Mutations

You cannot wear most types of armour.
You are amphibious.
You can wear up to eight rings at the same time.
Your skin changes colour to match your surroundings (Stealth+).
Your rubbery body absorbs attacks. (AC +1, EV +1)
((You are camouflaged when in or above water. (Stealth+)))
You have tentacles for arms and can constrict up to eight enemies at once.
One of your tentacles bears a spike.
Your spells are a little harder to cast, but a little more powerful.


Message History

Found 23 gold pieces.
Found 2 cyan potions and 8 gold pieces.
Unknown command.
Okay, then.
Okay, then.
You feel stronger.
You feel agile.
l - the staff of Wimp (weapon)
{*Corrode rElec rF+ Str+4 Dex+3 Fire}
Casting: Olgreb's Toxic Radiance (mildly dangerous; 1% risk of failure)
Confirm with . or Enter, or press ? or * to list all spells.
A forested plane collides here with a resounding crunch!
Your dryad calls out to the forest.
The forest starts to sway and rumble!
You hear an angry hiss.
You open the large door.
You feel roots moving beneath the ground.
The hell hog is hit by a branch!
The hell hog breathes fire at you.
The fireball explodes!
The fireball engulfs the hell hog.
The hell hog completely resists.
The fireball engulfs the hell hog.
The hell hog completely resists.
The fireball engulfs you!! You resist.
You hear an angry hiss.
You barely miss the hell hog. You grab the hell hog. You squeeze the hell hog.
The hell hog is moderately wounded.
You constrict the hell hog.
A tree reaches out and hits the hell hog!
Trunks creak and shift.
A tree reaches out and hits the hell hog!
The hell hog bites you! The hell hog closely misses you.
The hell hog bites you.
You hit the hell hog.
You pierce the hell hog, but do no damage.
You squeeze the hell hog!
The hell hog is almost dead.
You constrict the hell hog.
A root smacks the hell hog from below!
The hell hog dies!
Sif Muna accepts your kill. The hell hog barely misses you.
Your dryad hits the hell hog. The hell hog bites you.
Training target 6.0 for Fighting reached!
Your Fighting skill increases to level 6!
The hell hog breathes fire at you.
The fireball explodes!
The fireball engulfs your dryad!!
Your dryad is burned terribly!
The fireball engulfs the hell hog.
The hell hog completely resists.
The fireball engulfs you! You resist.
Your corrosive artefact corrodes you!
Your dryad closely misses the hell hog.
You hear an angry hiss.
Your dryad hits the hell hog!
Press: ? - help, v - describe, . - travel
Here: a hell hog (black smoke, lightly wounded, ally target)
The floor.
Casting: Summon Forest (dangerous; 6% risk of failure)
Confirm with . or Enter, or press ? or * to list all spells.
You begin to radiate toxic energy.
Your dryad is poisoned.
The hell hog is poisoned.
Your dryad disappears in a puff of smoke!
The forest abruptly stops moving.
The hell hog barely misses you.
The hell hog looks even sicker.
Your toxic aura wanes.
The hell hog bites you!
Casting: Olgreb's Toxic Radiance (mildly dangerous; 1% risk of failure)
Confirm with . or Enter, or press ? or * to list all spells.
Aiming: Freezing Cloud (dangerous; 10% risk of failure)
Press: ? - help, Dir - move target You hear an angry hiss.
The hell hog is engulfed in freezing vapours.
The hell hog breathes fire at you.
The fireball explodes!
The fireball engulfs you! You resist.
* * * LOW HITPOINT WARNING * * *
You hear a sizzling sound! x2
The fireball engulfs the hell hog.
The hell hog completely resists.
You hear a sizzling sound!
Unknown command.
You feel much better. The hell hog bites you!
* * * LOW HITPOINT WARNING * * *
The hell hog bites you.
* * * LOW HITPOINT WARNING * * *
Aiming: Quicksilver Bolt
Press: ? - help, Shift-Dir - straight line, f - hell hog
Aim: a hell hog (heavily wounded, very poisoned, 77% to hit)
The bolt of dispelling energy hits the hell hog!!
The hell hog is severely wounded.
The hell hog breathes fire at you.
The fireball explodes!
The fireball engulfs you!! You resist.
* * * LOW HITPOINT WARNING * * *
The fireball engulfs the hell hog.
The hell hog completely resists.
Aiming: Quicksilver Bolt
Press: ? - help, Shift-Dir - straight line, f/p - hell hog
Aim: a hell hog (severely wounded, very poisoned, catching its breath, 77% to hit)
The bolt of dispelling energy hits the hell hog!!
You kill the hell hog!
Sif Muna accepts your kill.
A lava snake comes into view.
The lava snake hisses angrily.
The lava snake spits lava at you. The glob of lava misses you.
The lava snake spits lava at you. The glob of lava hits you!
You partially resist.
You die...

#.....§#≈#......#≈≈........######
......#§≈♣....♣.#§§≈≈##........#.
#8##.##≈≈#♣....##.≈≈#.........##.
### ##≈≈≈≈##§†♣♣.≈≈.........####.
#§§§§§.§≈#......######..
♣♣≈≈○§§§.≈......## ###...
###.♣≈§§###†.♣♣.8#8# #.....
#♣....§§..#..#♣8#######.....
##.........♣@S≈### ###......
#8...........#≈§♣ #........
#♣.........♣#≈≈≈# #........
#8.........8##§≈§# ##.......
###........## §#≈# #.......
≈.......#8#8# ≈#≈≈≈ ##......
.≈≈≈....###### ≈# ≈# ##...... ##
##§≈≈§§## ###....... .### ###≈§§
###.......<.


You could see a lava snake (catching breath).

Vanquished Creatures
  2 hydras (Lair:5)
  Erolcha (Orc:2)
  A catoblepas (Lair:3)
  3 two-headed ogres
  2 tengu warriors (D:11)
  A hell hog (Lair:5)
  3 orc high priests (Orc:2)
  A fire crab (Lair:5)
  9 orc knights
  6 orc sorcerers (Orc:2)
  4 black mambas
  5 elephants
  4 kobold blastminers (Orc:2)
  4 cane toads
  A kobold demonologist (D:10)
  A rime drake (Lair:2)
  2 ice devils (Orc:2)
  4 komodo dragons
  4 trolls
  A hornet (D:9)
  18 blink frogs
  10 dream sheep
  A shadow (D:9)
  9 wyverns
  A nameless horror (Lair:5)
  13 yaks
  4 wargs
  6 basilisks
  3 steam dragons
  Menkaure (D:7)
  3 hell hounds (Lair:5)
  8 water moccasins
  Duvessa (D:6)
  37 orc warriors
  2 ice beasts
  2 sky beasts (D:7)
  2 black bears (D:6)
  12 wolves
  7 ogres
  3 centaurs
  5 kobold brigands
  6 bullfrogs
  8 wights (D:9)
  Dowan (D:6)
  4 howler monkeys
  2 electric eels
  3 crimson imps (D:6)
  3 lava snakes (Lair:5)
  A jelly (D:6)
  A hound (D:5)
  2 bombardier beetles
  2 gnoll boudas
  15 orc priests
  5 sleepcaps
  2 iguanas
  36 orc wizards
  11 gnolls
  6 adders
  A white imp (D:7)
  88 orcs
  4 endoplasms
  A giant cockroach (D:4)
  5 goblins
  2 hobgoblins
  2 jackals (D:5)
  A quokka (D:1)
  A ball python (D:3)
  2 bats
  A frilled lizard (D:2)
  27 kobolds
  A rat (D:1)
451 creatures vanquished.

Vanquished Creatures (collateral kills)
  9 death yaks
  A hell hog (Lair:5)
  8 elephants
  3 cane toads
  3 molten gargoyles (Lair:5)
  A rime drake (Lair:4)
  A polar bear (Lair:5)
  2 dream sheep (Lair:5)
  6 yaks (Lair:5)
  A water moccasin (Lair:5)
35 creatures vanquished.

Vanquished Creatures (others)
  A bullfrog (D:7)
  10 snaplasher vines
11 creatures vanquished.

Grand Total: 497 creatures vanquished

Notes
Turn   | Place    | Note
-------+----------+-------------------------------------------
     0 | D:1      | Flugslaktarn the Octopode Alchemist began the quest for the
                  | Orb.
     0 | D:1      | Reached XP level 1. HP: 11/11 MP: 3/3
    76 | D:1      | Reached XP level 2. HP: 9/17 MP: 0/5
   275 | D:4      | Reached XP level 3. HP: 13/21 MP: 2/6
   388 | D:5      | Entered Level 5 of the Dungeon
   432 | D:5      | Reached XP level 4. HP: 27/27 MP: 4/8
   480 | D:5      | Reached skill level 3 in Spellcasting
   480 | D:5      | Reached skill level 5 in Alchemy
   495 | D:5      | Reached XP level 5. HP: 10/31 MP: 1/9
   621 | D:5      | Learned a level 4 spell: Olgreb's Toxic Radiance
   695 | D:5      | Noticed an ice beast
   729 | D:5      | Learned a level 4 spell: Sticky Flame
   774 | D:5      | Found a blossoming altar of Fedhas.
   799 | D:5      | Reached XP level 6. HP: 30/36 MP: 9/11
  1037 | D:6      | Noticed a black bear
  1041 | D:6      | Noticed a steam dragon
  1047 | D:6      | Gained mutation: One of your tentacles bears a spike.
                  | [potion of mutation]
  1047 | D:6      | Gained mutation: Your spells are a little harder to cast,
                  | but a little more powerful. [potion of mutation]
  1057 | D:6      | Killed a steam dragon
  1058 | D:6      | Reached skill level 4 in Spellcasting
  1181 | D:4      | Reached XP level 7. HP: 41/41 MP: 4/13
  1186 | D:4      | Found a staircase to the Ecumenical Temple.
  1203 | Temple   | Entered the Ecumenical Temple
  1214 | Temple   | Became a worshipper of Sif Muna the Loreminder
  1541 | D:5      | Reached skill level 1 in Fire Magic
  1658 | D:6      | Found Ogoigul's Armour Boutique.
  1689 | D:6      | Noticed Dowan
  1690 | D:6      | Noticed Duvessa
  1730 | D:6      | Killed Duvessa
  1731 | D:6      | Reached skill level 5 in Spellcasting
  1731 | D:6      | Reached XP level 8. HP: 43/46 MP: 1/15
  1752 | D:6      | Killed Dowan
  1894 | D:6      | Found a shimmering altar of Xom.
  1907 | D:6      | Reached skill level 1 in Fighting
  1986 | D:7      | HP: 1/50 [centaur/arrow (13)]
  1989 | D:7      | Reached skill level 6 in Spellcasting
  2066 | D:7      | Reached * piety under Sif Muna
  2105 | D:7      | Reached skill level 7 in Spellcasting
  2198 | D:7      | Reached XP level 9. HP: 54/54 MP: 13/19
  2204 | D:7      | Noticed Menkaure
  2234 | D:7      | Killed Menkaure
  2267 | D:7      | Reached skill level 8 in Spellcasting
  2271 | D:7      | Found a flagged portal.
  2305 | Bailey   | Entered a bailey
  2656 | Bailey   | Learned a level 5 spell: Freezing Cloud
  2660 | Bailey   | Learned a level 3 spell: Ozocubu's Armour
  2700 | Bailey   | Reached skill level 9 in Spellcasting
  2702 | Bailey   | Reached ** piety under Sif Muna
  2703 | Bailey   | Reached skill level 1 in Ice Magic
  3160 | Bailey   | Identified the staff of Wimp {*Corrode rElec rF+ Str+4
                  | Dex+3 Fire}
  3284 | Bailey   | Noticed an orc knight
  3297 | Bailey   | Killed an orc knight
  3298 | Bailey   | Reached XP level 10. HP: 34/60 MP: 8/23
  3695 | D:8      | Found an iron altar of Okawaru.
  3949 | D:8      | Reached skill level 10 in Spellcasting
  4013 | D:8      | Found a broken altar of Ashenzari.
  4297 | D:9      | Reached *** piety under Sif Muna
  4298 | D:9      | Reached skill level 5 in Conjurations
  4319 | D:9      | Reached skill level 5 in Ice Magic
  4572 | D:9      | Reached skill level 1 in Invocations
  4576 | D:9      | Reached skill level 1 in Evocations
  4699 | D:9      | Reached XP level 11. HP: 30/67 MP: 3/25
  4721 | D:9      | Reached **** piety under Sif Muna
  4931 | D:9      | Found a staircase to the Orcish Mines.
  5092 | Orc:1    | Entered Level 1 of the Orcish Mines
  5096 | Orc:1    | Noticed a two-headed ogre
  5105 | Orc:1    | Killed a two-headed ogre
  5380 | Orc:2    | Entered Level 2 of the Orcish Mines
  5380 | Orc:2    | Noticed an orc knight
  5386 | Orc:2    | Noticed an orc sorcerer
  5390 | Orc:2    | Noticed a sun demon
  5392 | Orc:2    | Killed an orc knight
  5394 | Orc:2    | Killed an orc sorcerer
  5395 | Orc:2    | Reached skill level 5 in Invocations
  5442 | Orc:2    | Reached skill level 5 in Evocations
  5467 | Orc:2    | Noticed an orc knight
  5623 | Orc:2    | Reached skill level 1 in Air Magic
  5624 | Orc:2    | Killed an orc knight
  5625 | Orc:2    | Noticed Erolcha
  5789 | Orc:1    | You fall into a shaft and drop 1 floor!
  5851 | Orc:1    | Noticed an orc knight
  5864 | Orc:1    | Killed an orc knight
  5968 | Orc:1    | Noticed a stone giant
  5968 | Orc:1    | Noticed a moth of wrath
  5970 | Orc:1    | Noticed a moth of wrath
  6005 | Orc:2    | Killed Erolcha
  6034 | Orc:2    | Found Yclaole's Book Shop.
  6043 | Orc:2    | Noticed an orc sorcerer
  6048 | Orc:2    | Killed an orc sorcerer
  6207 | Orc:2    | Noticed a two-headed ogre
  6217 | Orc:2    | Reached skill level 11 in Spellcasting
  6217 | Orc:2    | Reached XP level 12. HP: 22/74 MP: 11/27
  6229 | Orc:2    | Killed a two-headed ogre
  6302 | Orc:2    | Reached ***** piety under Sif Muna
  6729 | Orc:2    | Found a staircase to the Elven Halls.
  6806 | Orc:2    | Reached skill level 12 in Spellcasting
  6808 | Orc:2    | Found Lerghoirph's Antique Armour Boutique.
  6842 | Orc:2    | Noticed an orc high priest
  7199 | Orc:2    | Paralysed by an orc sorcerer for 5 turns
  7285 | Orc:2    | Noticed an orc high priest
  7294 | Orc:2    | Killed an orc high priest
  7295 | Orc:2    | Reached skill level 13 in Spellcasting
  7394 | Orc:2    | Noticed an orc high priest
  7400 | Orc:2    | Killed an orc high priest
  7419 | Orc:2    | Killed an orc high priest
  7572 | Orc:2    | Found Peluhoqi's General Store.
  7573 | Orc:2    | Found Kaciat's Jewellery Emporium.
  7580 | Orc:2    | Found Agaab's Armour Emporium.
  7949 | Orc:2    | Bought a Fen Folio for 714 gold pieces
  7955 | Orc:2    | Learned a level 5 spell: Summon Forest
  8031 | D:9      | Found a staircase to the Lair.
  8069 | D:10     | Entered Level 10 of the Dungeon
  8074 | D:10     | Reached skill level 1 in Summonings
  8074 | D:10     | Reached skill level 1 in Translocations
  8085 | D:10     | Found Eklat's Assorted Antiques.
  8099 | D:10     | Bought 3 scrolls labelled PUPPOCL HINNET for 81 gold pieces
  8099 | D:10     | Bought 2 scrolls labelled MUNAEPTIGRI for 54 gold pieces
  8101 | D:10     | Noticed a two-headed ogre
  8463 | D:11     | Found Maips's Firing Range.
  8499 | D:11     | Received a gift from Sif Muna
  8527 | D:11     | Noticed a tengu warrior
  8532 | D:11     | Killed a tengu warrior
  8548 | D:11     | Noticed a tengu warrior
  8549 | D:11     | Noticed a two-headed ogre
  8558 | D:11     | Killed a tengu warrior
  8559 | D:11     | Reached XP level 13. HP: 53/79 MP: 11/30
  8725 | Lair:1   | Entered Level 1 of the Lair of Beasts
  8764 | Lair:1   | Reached skill level 14 in Spellcasting
  9049 | Lair:2   | Reached skill level 5 in Summonings
  9588 | Orc:2    | Bought an amulet of regeneration for 480 gold pieces
  9764 | Lair:4   | Found a runed translucent door.
  9766 | Lair:4   | Noticed Kely's ghost (journeyman OpSh)
  9772 | Lair:4   | Identified the +2 spear "Ewilih" {spect, rPois Dex+3}
  9965 | Lair:4   | Received a gift from Sif Muna
 10053 | Lair:5   | Entered Level 5 of the Lair of Beasts
 10077 | Lair:5   | Reached XP level 14. HP: 85/85 MP: 8/32
 10116 | Lair:5   | Reached skill level 15 in Spellcasting
 10122 | Lair:5   | Reached skill level 10 in Summonings
 10574 | Lair:5   | Found a viscous altar of Jiyva.
 10575 | Lair:5   | Found a staircase to the Slime Pits.
 10601 | Lair:5   | Reached skill level 5 in Fighting
 10860 | Lair:5   | Received a gift from Sif Muna
 10861 | Lair:5   | Got Sif Muna's Disquisition on Combative Astrapomancy {god
                  | gift}
 10980 | Lair:5   | Found a large runed translucent door.
 10980 | Lair:5   | Found a large runed translucent door.
 11014 | Lair:5   | HP: 4/90 [hell hog/fireball (18)]
 11017 | Lair:5   | Killed from afar by a lava snake

Illustrated notes

Levels and vault maps discovered:
D:1:      saegor_arrival_simple_a, layout_basic
D:2:      layout_loops_corners, serial_rivers, chequers_serial_rivers_room_b,
          chequers_serial_rivers_micro_b, chequers_serial_rivers_small_b,
          chequers_serial_rivers_room_a, chequers_serial_rivers_marsh,
          nicolae_concentric_dashed_squares_mild,
          nicolae_elevator_lobby_asterisk, uniq_crazy_yiuf_cottage
D:3:      layout_basic, serial_shops, shop, grunt_ministairs_6,
          dilly_guarded_unrand_morg, uniq_jessica
D:4:      wad_pebble_path, layout_basic, minmay_temple_entry_offerings
D:5:      layout_loops_ring, mainiacjoe_overflow_catwalk
D:6:      layout_layer_cave, led_xom_imps, serial_shops,
          nicolae_inconvenience_store, uniq_duvessa
D:7:      layout_rooms, enter_bailey_5, nrook_pool_corridor, uniq_menkaure
D:8:      layout_gridville, old_standard_altar, evilmike_ruin_ashenzari
D:9:      layout_small_grid, lair_entry_dummy, hiddenorc1_lemuel,
          grunt_ministairs_15
D:10:     layout_cave_pools, serial_shops, shop, minmay_sticks_and_stones
D:11:     layout_roguey, nicolae_shop_firing_range
Temple:   regret_index_temple_chain_breaker
Lair:1:   layout_roguey, grunt_megastairs_1
Lair:2:   gammafunk_indiana_jones, layout_long_grid,
          spider_nest_entry_funnel_web
Lair:3:   layout_loops_ring, alex1729_swamp_entry_worm_eleionoma,
          grunt_forest_stairs_basic
Lair:4:   layout_gridlike, ebering_ghost_funeral_grove,
          infiniplex_staircase_pool
Lair:5:   cheibrodos_lair_end_hotspot, layout_regular_city,
          dpeg_slime_entry_enclosed
Orc:1:    emtedronai_trogs_sanctum, layout_caves, serial_shops, shop
Orc:2:    st_orc_elflike, layout_diamond_mine, portal_ice_cave_demonic_guard,
          serial_shops, nicolae_book_shop_shelving, uniq_erolcha

Skill      XL: |  1  2  3  4  5  6  7  8  9 10 11 12 13 14 |
---------------+-------------------------------------------+-----
Alchemy        | 4 5 6 7 8 9 |  9.4
Spellcasting   | 3 4 5 7 9 10 11 13 14 15 | 15.5
Fire Magic     | 2 4 |  4.0
Fighting       | 2 3 4 6 |  6.0
Ice Magic      | 3 6 |  6.0
Conjurations   | 3 6 |  6.0
Invocations    | 2 5 |  5.0
Evocations     | 2 6 |  6.0
Air Magic      | 4 |  4.0
Summonings     | 2 9 10 | 10.0
Translocations | 2 3 |  3.0
Dodging        | 4 |  4.0
Stealth        | |  2.6

Action                     |  1- 3 |  4- 6 |  7- 9 | 10-12 | 13-15 || total
---------------------------+-------+-------+-------+-------+-------++-------
  Melee: Unarmed           |    16 |       |       |       |       ||    16
         Tentacles         |     8 |    10 |    16 |    45 |    47 ||   126
         Constrict         |     4 |    13 |    15 |    31 |    29 ||    92
         Long sword        |     6 |    19 |       |       |       ||    25
         Mace              |       |    28 |    40 |       |       ||    68
         Kick              |       |     2 |    22 |    77 |    66 ||   167
         Punch             |       |       |     3 |     3 |     4 ||    10
         Short sword       |       |       |    11 |   159 |   125 ||   295
         Staff             |       |       |       |       |     2 ||     2
   Cast: Sting             |    23 |    30 |    32 |    17 |     7 ||   109
         Olgreb's Toxic Ra |       |     4 |    42 |   113 |    45 ||   204
         Sticky Flame      |       |       |     7 |    22 |    27 ||    56
         Ozocubu's Armour  |       |       |     1 |     9 |     2 ||    12
         Freezing Cloud    |       |       |       |    16 |    28 ||    44
         Summon Forest     |       |       |       |       |    16 ||    16
 Invoke: Channel Magic     |       |       |       |     2 |     4 ||     6
  Evoke: Wand              |       |       |     2 |     9 |     4 ||    15
    Use: Potion            |       |     2 |     6 |     2 |     1 ||    11
         Scroll            |       |     1 |     5 |     9 |     7 ||    22
   Stab: Sleeping          |     1 |       |     1 |       |       ||     2
         Distracted        |       |       |       |       |     2 ||     2
 Armour: Skin              |     6 |    49 |    88 |   111 |   134 ||   388
  Dodge: Dodged            |    25 |    29 |    95 |    59 |    80 ||   288
  Block: Buckler           |       |       |       |    28 |    44 ||    72
         Reflection        |       |       |       |     6 |     1 ||     7
         Other             |       |       |       |     1 |       ||     1

Table legend: (Time is in decaauts)
 A = Elapsed time spent in this place.
 B = Non-inter-level travel time spent in this place.
 C = Inter-level travel time spent in this place.
 D = Time resting spent in this place.
 E = Time spent auto-exploring this place.
 F = Levels seen in this place.
 G = Mean time per level.
                   A        B        C        D        E       F      G
               +--------+--------+--------+--------+--------+-----+--------+
         Total |  10982 |   9941 |   1041 |   1724 |   2508 |  20 |  549.1 |
       Dungeon |   4745 |   4216 |    529 |     60 |   1396 |  11 |  431.4 |
        Temple |     21 |     12 |      9 |      0 |      0 |   1 |   21.0 |
          Lair |   1978 |   1828 |    150 |      0 |      0 |   5 |  395.6 |
  Orcish Mines |   3095 |   2743 |    352 |   1084 |    908 |   2 | 1547.5 |
        Bailey |   1141 |   1141 |      0 |    580 |    204 |   1 | 1141.0 |
               +--------+--------+--------+--------+--------+-----+--------+

Top non-repeatable levels by time:
   Orc:2: 2381 daAuts
  Bailey: 1141 daAuts
     D:9: 942 daAuts
     D:5: 921 daAuts
  Lair:5: 716 daAuts
   Orc:1: 714 daAuts
     D:8: 662 daAuts
     D:6: 577 daAuts
     D:7: 458 daAuts
    D:11: 430 daAuts
  Lair:4: 411 daAuts
  Lair:1: 364 daAuts
     D:4: 321 daAuts
  Lair:3: 310 daAuts
    D:10: 200 daAuts
